Map: Dead of Night

Players

monk

  • Race: Protoss Protoss
  • Spawn Location: 0:00

sTkmonk

  • Race: Terran Terran
  • Spawn Location: 0:00

VOD

Have the link to the VOD?

Description

Time

  • Played on: July 18, 2017, 9:02 a.m.
  • Length: 126:31
Show
View Real Time Build Order
Export as new Build Order

monk Protoss 

Build Orders:  

Get SALT Encoding   

  12  0:03  Probe (Chrono Boost)  
  13  0:16  Probe (Chrono Boost)  
  14  0:28  Probe (Chrono Boost)  
  15  0:39  Probe (Chrono Boost)  
  16  0:44  Gateway  
  17  0:50  Probe (Chrono Boost)  
  17  0:56  Assimilator  
  18  1:01  Probe (Chrono Boost)  
  18  1:12  Probe (Chrono Boost)  
  18  1:14  Assimilator  
  19  1:23  Probe (Chrono Boost)  
  19  1:28  Assimilator  
  20  1:35  Probe (Chrono Boost)  
  21  1:46  Probe (Chrono Boost)  
  22  1:50  Cybernetics Core  
  22  1:57  Probe (Chrono Boost)  
  23  2:08  Probe (Chrono Boost)  
  24  2:19  Probe (Chrono Boost)  
  26  2:30  Probe (Chrono Boost)  
  26  2:41  Probe (Chrono Boost)  
  26  2:43  Robotics Facility  
  26  2:45  Robotics Facility  
  27  2:52  Probe (Chrono Boost)  
  28  3:03  Pylon  
  28  3:04  Probe (Chrono Boost)  
  29  3:15  Probe (Chrono Boost)  
  30  3:26  Probe (Chrono Boost)  
  31  3:37  Probe (Chrono Boost)  
  32  3:48  Probe (Chrono Boost)  
  33  3:51  Immortal  
  33  3:59  Probe (Chrono Boost)  
  38  4:08  Immortal  
  43  4:10  Probe (Chrono Boost)  
  43  4:21  Probe (Chrono Boost)  
  43  4:24  Observer  
  45  4:33  Probe (Chrono Boost)  
  45  4:34  Robotics Bay  
  46  4:52  Immortal  
  50  5:17  Immortal  
  54  5:24  Pylon  
  54  5:40  Reaver  
  54  5:43  Solarite Payload (Chrono Boost)  
  60  6:05  Immortal  
  64  6:26  Gateway  
  64  6:32  Gateway  
  64  6:37  Forge  
  64  6:44  Reaver  
  70  7:06  Scarab Housing (Chrono Boost)  
  70  7:27  Immortal  
  74  7:38  Zealot  
  74  7:39  Zealot x3  
  82  7:45  Improved Barrier (Chrono Boost)  
  82  7:50  Zealot  
  84  8:05  Zealot  
  84  8:08  Zealot x2  
  90  8:26  Reaver  
  96  8:33  Dragoon  
  98  8:40  Dragoon  
  100  8:58  Protoss Ground Weapons Level 1 (Chrono Boost), Dragoon  
  102  9:12  Pylon  
  102  9:31  Reaver  
  107  9:50  Dragoon  
  109  10:08  Dragoon x3  
  113  10:24  Observer  
  112  10:52  Photon Cannon  
  112  10:54  Photon Cannon  
  112  10:58  Photon Cannon  
  112  11:15  Photon Cannon  
  112  11:18  Reaver, Photon Cannon  
  118  11:21  Photon Cannon  
  118  11:41  Twilight Council  
  118  11:54  Reaver  
  123  12:23  Reaver  
  129  12:48  Probe  
  130  12:54  Protoss Ground Weapons Level 2 (Chrono Boost)  
  130  13:00  Gateway  
  130  13:03  Photon Cannon  
  130  13:10  Photon Cannon  
  130  13:31  Gateway  
  130  13:40  Immortal  
  134  13:50  Immortal  
  138  14:01  Whirlwind  
  138  14:23  Reaver  
  140  14:40  Immortal  
  138  15:30  Protoss Ground Weapons Level 3 (Chrono Boost)  
  138  15:31  Charge  
  138  15:37  Observer  
  139  15:40  Photon Cannon  
  139  15:41  Photon Cannon x2  
  139  15:47  Photon Cannon  
  139  15:48  Photon Cannon  
  139  16:20  Dragoon  
  139  16:21  Dragoon x2  
  145  16:50  Singularity Charge  
  145  16:54  Immortal x2  
  153  17:32  Photon Cannon x2  
  153  17:36  Photon Cannon  
  153  17:38  Pylon  
  153  17:43  Reaver  
  159  18:15  Reaver  
  165  18:41  Reaver  
  170  19:03  Immortal x2  
  178  19:33  Immortal  
  182  19:41  Photon Cannon  
  182  19:45  Photon Cannon x2  
  170  20:09  Reaver  
  170  20:28  Immortal x2  
  178  20:47  Immortal  
  178  21:13  Immortal  
  182  21:39  Immortal  
  174  22:08  Dragoon  
  176  22:11  Dragoon  
  178  22:28  Zealot  
  180  22:38  Zealot x3  
  180  22:39  Zealot x3  
  192  22:54  Reaver  
  198  23:20  Zealot  
  188  23:33  Zealot  
  188  23:34  Zealot x3  
  188  23:35  Zealot  
  192  23:40  Observer  
  179  24:03  Zealot x3  
  175  24:20  Zealot x2  
  179  24:32  Zealot  
  180  24:43  Observer  
  179  24:58  Zealot  
  179  24:59  Zealot x2  
  185  25:01  Reaver x2  
  197  25:16  Zealot  
Show
View Real Time Build Order
Export as new Build Order

sTkmonk Terran 

Build Orders:  

Get SALT Encoding   

Tags
 
Commander
ArtanisRaynor
Matchup
Co-op
Replay Pack
Co-op Speedrun
Add a new tag
Caveats
  • Supply blocks, unpowered buildings, or Contaminate may cause inaccurate times.
  • Supply counts are checked every 10 seconds.